 Dungeon Sprint DCSS version 0.30-a0-622-gddc90eaa04 (webtiles) character file.

Game seed: 15586039195607686081

542280 BigDaddyOpFi the Conqueror (level 21, 131/224 HPs)
             Began as a Hill Orc Monk on Jan 10, 2023.
             Was a High Priest of Qazlal.
             Escaped with the Orb!
             The game lasted 00:30:02 (11854 turns).

BigDaddyOpFi the Conqueror (Hill Orc Monk)         Turns: 11854, Time: 00:30:03

Health: 131/224    AC: 57    Str: 25    XL:     21   Next: 40%
Magic:  20/38      EV: 21    Int: 13    God:    Qazlal [*****.]
Gold:   0          SH: 42    Dex: 13    Spells: 20/20 levels left

rFire   + . .      SeeInvis .    D - +6 shillelagh "Devastator" {shatter}
rCold   + . .      Faith    .    C - +18 shield of the Gong {rElec rN+ Will+ EV-5}
rNeg    + . .      Spirit   .    j - +13 crystal plate armour
rPois   .          Reflect  .    y - +1 helmet {Int+3}
rElec   +          Harm     .    K - +1 cloak
rCorr   .          Rampage  +    A - +1 pair of gloves {hurl}
Will    +++..      NoTele   +    x - +1 pair of boots {rampage}
Stlth   +                        H - amulet of Vitality {RegenMP++ Regen++}
HPRegen 2.17/turn                v - ring "Loor" {Contam Fly rF+ rC+ Will+}
MPRegen 1.06/turn                P - ring of the Hare {EV+10}

@: flying, studying Poison Magic, repel missiles
A: deterioration 1
0: Orb of Zot
a: Renounce Religion, Upheaval, Elemental Force, Disaster Area


You escaped.
You worshipped Qazlal.
Qazlal was extremely pleased with you.
You visited 1 branch

Inventory:

Hand Weapons
 D - the +6 shillelagh "Devastator" (weapon) {shatter}
   (You found it in the Dungeon)

   It releases a powerful concussive burst when it strikes, dealing extra damage
   to the target and all other creatures adjacent to them.
Armour
 j - a +13 crystal plate armour (worn)
 x - a +1 pair of boots of rampaging (worn)
 y - a +1 helmet of intelligence (worn)
 A - a +1 pair of gloves of hurling (worn)
 C - the +18 shield of the Gong (worn) {rElec rN+ Will+ EV-5}
   (You found it in the Dungeon)

   It is deafeningly noisy when blocking attacks.
   EV:        It affects your evasion (-5).
   rElec:     It insulates you from electricity.
   rN:        It protects you from negative energy.
   Will:      It increases your willpower.
 K - a +1 cloak (worn)
Jewellery
 a - the ring of Zeqodaynk {rC+ Slay+3}
   (You found it in the Dungeon)

   [ring of protection from cold]

   Slay:      It affects your accuracy & damage with ranged weapons and melee
   (+3).
   rC:        It protects you from cold.
 v - the ring "Loor" (left hand) {Contam Fly rF+ rC+ Will+}
   (You took it off a vault guard in the Dungeon)

   [ring of flight]

   rF:        It protects you from fire.
   rC:        It protects you from cold.
   Fly:       It grants you flight.
   Contam:    It causes magical contamination when unequipped.
   Will:      It increases your willpower.
 w - the ring "Enet" {Contam rF++ rC+}
   (You took it off a white draconian in the Dungeon)

   [ring of protection from cold]

   rF:        It greatly protects you from fire.
   rC:        It protects you from cold.
   Contam:    It causes magical contamination when unequipped.
 H - the amulet of Vitality (around neck) {RegenMP++ Regen++}
   (You found it in the Dungeon)

   [amulet of magic regeneration]

   It increases your rate of magic regeneration.
   Regen:     It increases your rate of health regeneration.
 J - the ring of Zeysaiqole {rPois AC+4 Stlth+}
   (You found it in the Dungeon)

   [ring of protection]

   AC:        It affects your AC (+4).
   rPois:     It protects you from poison.
   Stlth:     It makes you more stealthy.
 O - the dreamshard necklace {*Dream Drain}
   (You found it in the Dungeon)

   [amulet of nothing]

   It shatters if its wearer takes lethal or near-lethal damage, preventing the
   blow and releasing protective dreams that heal and fight for the wearer.
   Drain:     It drains your maximum health when unequipped.
 P - the ring of the Hare (right hand) {EV+10}
   (You took it off a white draconian in the Dungeon)

   [ring of evasion]

   EV:        It affects your evasion (+10).
Wands
 s - a wand of mindburst (7)
Scrolls
 i - 2 scrolls of blinking
 o - 4 scrolls of amnesia
 p - 7 scrolls of fog
 q - 5 scrolls of identify
 r - 2 scrolls of fear
 t - 12 scrolls of enchant weapon
 T - 6 scrolls of brand weapon
Potions
 b - 2 potions of brilliance
 c - a potion of ambrosia
 d - 10 potions of curing
 e - 9 potions of heal wounds
 f - 10 potions of haste
 g - 4 potions of magic
 h - 3 potions of berserk rage
 k - 2 potions of invisibility
 l - 4 potions of resistance
 n - 6 potions of might
Miscellaneous
 m - a condenser vane
 u - a piece from Xom's chessboard (15/15)
 z - a box of beasts
 E - a phantom mirror
 G - a box of beasts
 U - a lightning rod (4/4)
 V - a phantom mirror
 W - a phantom mirror
 Z - a phantom mirror


   Skills:
 O Level 27 Fighting
 - Level 3.0 Short Blades
 O Level 27 Maces & Flails
 * Level 16.2 Throwing
 O Level 27 Armour
 O Level 27 Dodging
 O Level 27 Stealth
 O Level 27 Shields
 O Level 27 Unarmed Combat
 O Level 27 Invocations
 O Level 27 Evocations


You had 20 spell levels left.
You didn't know any spells.
Your spell library contained the following spells:

 Spells                   Type           Power      Damage    Failure   Level
 Apportation              Tloc           0%         N/A       91%         1
 Beastly Appendage        Tmut           0%         N/A       91%         1
 Freeze                   Ice            0%         1d3       91%         1
 Magic Dart               Conj           0%         1d3       91%         1
 Necrotise                Necr           0%         1d4       91%         1
 Sandblast                Erth           0%         2d4       91%         1
 Slow                     Hex            0%         N/A       91%         1
 Summon Small Mammal      Summ           0%         N/A       91%         1
 Blink                    Tloc           0%         N/A       97%         2
 Cigotuvi's Dreadful Rot  Necr/Pois/Air  0%         N/A       97%         2
 Poisonous Vapours        Pois/Air       0%         N/A       97%         2
 Searing Ray              Conj           0%         2d4       97%         2
 Static Discharge         Conj/Air       0%         2-2/arc   97%         2
 Sublimation of Blood     Necr           0%         N/A       97%         2
 Wereblood                Tmut           0%         N/A       97%         2
 Call Canine Familiar     Summ           0%         N/A       100%        3
 Confusing Touch          Hex            0%         N/A       100%        3
 Dazzling Flash           Conj/Hex       0%         N/A       100%        3
 Frozen Ramparts          Ice            0%         1d1       100%        3
 Gell's Gravitas          Tloc           0%         N/A       100%        3
 Hailstorm                Conj/Ice       0%         3d3       100%        3
 Inner Flame              Hex/Fire       0%         N/A       100%        3
 Kindle Blastsparks       Fire/Tloc/Air  0%         2d10      100%        3
 Lesser Beckoning         Tloc           0%         N/A       100%        3
 Mephitic Cloud           Conj/Pois/Air  0%         N/A       100%        3
 Portal Projectile        Hex/Tloc       0%         N/A       100%        3
 Spider Form              Tmut/Pois      0%         N/A       100%        3
 Summon Guardian Golem    Hex/Summ       0%         N/A       100%        3
 Teleport Other           Tloc           0%         N/A       100%        3
 Tukima's Dance           Hex            0%         N/A       100%        3
 Vampiric Draining        Necr           0%         2d6       100%        3
 Vhi's Electric Charge    Tloc/Air       0%         N/A       100%        3
 Animate Armour           Summ/Erth      0%         N/A       100%        4
 Cause Fear               Hex            0%         N/A       100%        4
 Fulminant Prism          Conj/Hex       0%         3d5       100%        4
 Ice Form                 Ice/Tmut       0%         N/A       100%        4
 Iskenderun's Mystic Bla  Conj/Tloc      0%         2d3       100%        4
 Manifold Assault         Tloc           0%         N/A       100%        4
 Olgreb's Toxic Radiance  Pois           0%         N/A       100%        4
 Petrify                  Tmut/Erth      0%         N/A       100%        4
 Summon Ice Beast         Ice/Summ       0%         N/A       100%        4
 Summon Lightning Spire   Summ/Air       0%         N/A       100%        4
 Alistair's Intoxication  Tmut/Pois      0%         N/A       100%        5
 Blade Hands              Tmut           0%         N/A       100%        5
 Borgnjor's Vile Clutch   Necr/Erth      0%         N/A       100%        5
 Fireball                 Conj/Fire      0%         3d3       100%        5
 Freezing Cloud           Conj/Ice/Air   0%         6-21      100%        5
 Irradiate                Conj/Tmut      0%         3d11      100%        5
 Iskenderun's Battlesphe  Conj           0%         2d6       100%        5
 Lee's Rapid Deconstruct  Erth           0%         3d4*      100%        5
 Silence                  Hex/Air        0%         N/A       100%        5
 Summon Forest            Summ/Tloc      0%         N/A       100%        5
 Summon Mana Viper        Hex/Summ       0%         N/A       100%        5
 Yara's Violent Unravell  Hex/Tmut       0%         3d3       100%        5
 Conjure Ball Lightning   Conj/Air       0%         3x3d6     100%        6
 Dispersal                Tloc           0%         N/A       100%        6
 Iron Shot                Conj/Erth      0%         9d1       100%        6
 Simulacrum               Ice/Necr       0%         N/A       100%        6
 Starburst                Conj/Fire      0%         6d3       100%        6
 Summon Cactus Giant      Summ           0%         N/A       100%        6
 Haunt                    Necr/Summ      0%         N/A       100%        7
 Malign Gateway           Summ/Tloc      0%         N/A       100%        7
 Orb of Destruction       Conj           0%         9d5       100%        7
 Ozocubu's Refrigeration  Ice            0%         4d7       100%        7
 Spellforged Servitor     Conj/Summ      0%         N/A       100%        7
 Storm Form               Tmut/Air       0%         N/A       100%        7
 Discord                  Hex            0%         N/A       100%        8
 Disjunction              Tloc           0%         N/A       100%        8
 Ignition                 Fire           0%         3d3       100%        8
 Maxwell's Capacitive Co  Air            0%         ∞         100%        8
 Summon Horrible Things   Summ           0%         N/A       100%        8
 Polar Vortex             Ice            0%         N/A       100%        9


Dungeon Overview and Level Annotations

Branches:
Dungeon (1/1)

Altars:
Ashenzari
Cheibriados
Dithmenos
Elyvilon
Fedhas
Gozag
Hepliaklqana
Kikubaaqudgha
Makhleb
Nemelex Xobeh
Okawaru
Qazlal
Ru
Sif Muna
Trog
Uskayaw
Vehumet
Wu Jian
Xom
Yredelemnul
Zin
The Shining One
Beogh
Jiyva
Lugonu


Innate Abilities, Weirdness & Mutations

Your body sometimes deteriorates upon taking damage.


Message History

GONNNNG!
You hit Fahaapter but do no damage.
Fahaapter is heavily wounded.
You block Fahaapter's attack.
BONNNG!
The tormentor calls on the powers of darkness!
Your body is wracked with pain!
You thump Fahaapter!
Fahaapter shudders.
Fahaapter is heavily wounded.
You block Fahaapter's attack.
BONNNG!
You block the tormentor's attack.
GONNNNG!
The tormentor hits you but does no damage.
You hit Fahaapter but do no damage.
Fahaapter is heavily wounded.
Fahaapter is struck by lightning.
You block Fahaapter's attack.
SHROANNG!
The tormentor is engulfed in blazing flames.
You block the tormentor's attack.
GONNNNG!
You block the tormentor's attack.
GONNNNG!
You hit Fahaapter but do no damage.
Fahaapter is heavily wounded.
You block Fahaapter's attack.
GONNNNG!
The tormentor is engulfed in blazing flames.
You block the tormentor's attack.
PTOANNNG!
You block the tormentor's attack.
SHROANNG!
You block Fahaapter's attack.
GONNNNG!
The tormentor is engulfed in blazing flames.
You block the tormentor's attack.
GONNNNG!
You block the tormentor's attack.
GONNNNG!
You have escaped!

............▓.......).....▓...8©8
............▓.............▓......
..).........▓.............▓..|...
............▓.............▓......
............▓......©......▓....÷.
............▓▓▓▓▓▓▓▓▓▓▓▓▓▓▓...)..
............▓8888888888888▓...÷..
▓.......▓...▓8..)&≈.≈≈§.≈8▓..▓...
............▓8.)@≈≈≈≈§©.)8▓......
............▓8.2°≈≈≈≈§≈≈≈8▓....©.
....©.......▓8888888888888▓▓▓▓▓▓▓
▓▓▓▓▓▓▓▓▓▓▓▓▓▓▓▓▓▓▓▓▓▓▓▓▓▓▓▓▓▓▓▓▓
.....8©8........▓........8©8.....
[.):|)})))::))}.▓.})}[[}|)[)[|::=
[}}}))[[.).))|..▓.}|::)......:)|[
|[.}}=):)).)).).▓.)|..)).:)}.)..}
.)....).)))))...▓...)...)))).)..†


You could see Fahaapter (clouds) and a tormentor.

Vanquished Creatures
  3 pandemonium lords (D)
  A seraph (D)
  2 ancient liches (D)
  6 caustic shrikes (D)
  2 curse toes (D)
  2 golden dragons (D)
  2 pearl dragons (D)
  2 Tzitzimimeh (D)
  4 iron giants (D)
  5 tentacled monstrosities (D)
  3 Ice Fiends (D)
  14 Orb Guardians (D)
  7 Hell Sentinels (D)
  9 liches (D)
  3 deep elf blademasters (D)
  2 searing wretches (D)
  18 deep elf master archers (D)
  A quicksilver dragon (D)
  An Executioner (D)
  2 tentacled starspawn (D)
  An ancient champion (D)
  3 death cobs (D)
  A shadow dragon (D)
  2 narguns (D)
  5 storm dragons (D)
  3 draconian monks (D)
  9 quicksilver elementals (D)
  A fire giant (D)
  2 draconian knights (D)
  A rockslime (D)
  A demonspawn warmonger (D)
  4 daevas (D)
  A vault warden (D)
  2 frost giants (D)
  An emperor scorpion (D)
  9 deep elf sorcerers (D)
  A draconian scorcher (D)
  7 balrugs (D)
  3 draconian shifters (D)
  4 ghost moths (D)
  A deep elf elementalist (D)
  A broodmother (D)
  A draconian stormcaller (D)
  3 angels (D)
  2 draconian annihilators (D)
  An ironbound preserver (D)
  5 reapers (D)
  An orc warlord (D)
  2 cacodemons (D)
  4 stone giants (D)
  An apis (D)
  8 green draconians (D)
  An ironbound thunderhulk (D)
  A lorocyproca (D)
  12 black draconians (D)
  3 wendigos (D)
  A dire elephant (D)
  11 white draconians (D)
  5 yellow draconians (D)
  A demonspawn black sun (D)
  7 deep elf annihilators (D)
  8 red draconians (D)
  17 purple draconians (D)
  2 blizzard demons (D)
  5 iron golems (D)
  4 merfolk javelineers (D)
  A mummy priest (D)
  A green death (D)
  7 yaktaur captains (D)
  6 deep elf high priests (D)
  5 great orbs of eyes (D)
  27 vault guards (D)
  A hell beast (D)
  A salamander tyrant (D)
  6 centaur warriors (D)
  A jorogumo (D)
  A radroach (D)
  A death scarab (D)
  7 hell hogs (D)
  A thrashing horror (D)
  5 dancing weapons (D)
  16 sun demons (D)
  An orc high priest (D)
  A soul eater (D)
  3 wretched stars (D)
  3 crystal echidnas (D)
  9 deep elf knights (D)
  A sixfirhy (D)
  5 pharaoh ants (D)
  3 cherubim (D)
  A sun moth (D)
  3 deep elf archers (D)
  A glowing orange brain (D)
  An orb spider (D)
  4 orc knights (D)
  4 starcursed masses (D)
  4 deep elf pyromancers (D)
  2 steelbarb worms (D)
  7 deep elf zephyrmancers (D)
  6 wolf spiders (D)
  An orc sorcerer (D)
  9 moths of wrath (D)
  3 cyclopes (D)
  A worldbinder (D)
  A rust devil (D)
  A black mamba (D)
  A torpor snail (D)
  4 demonic crawlers (D)
  8 orange demons (D)
  8 hellions (D)
  11 yaktaurs (D)
  2 rime drakes (D)
  2 freezing wraiths (D)
  4 tormentors (D)
  2 efreet (D)
  An ancient zyme (D)
  An ice devil (D)
  2 trolls (D)
  4 guardian mummies (D)
  6 merfolk (D)
  A meliai (shapeshifter) (D)
  A hellwing (D)
  5 hornets (D)
  2 tarantellas (D)
  A blink frog (D)
  6 jumping spiders (D)
  3 culicivoras (D)
  7 slime creatures (D)
  2 ushabtiu (D)
  3 air elementals (D)
  2 ynoxinuls (D)
  3 water elementals (D)
  3 fire elementals (D)
  3 steam dragons (D)
  3 redbacks (D)
  3 neqoxecs (D)
  3 large abominations (D)
  3 nagas (D)
  A warg (D)
  2 hell hounds (D)
  2 water moccasins (D)
  6 orc warriors (D)
  4 ogres (D)
  3 centaurs (D)
  A phantom (D)
  3 scorpions (D)
  2 crimson imps (D)
  2 quasits (D)
  4 small abominations (D)
  2 jellies (D)
  An orc wizard (D)
  A white imp (D)
  3 ufetubi (D)
  An adder zombie (D)
  2 adder skeletons (D)
  5 adder simulacra (D)
  A bat skeleton (D)
  2 bat zombies (D)
  2 endoplasms (D)
  2 ball pythons (D)
  5 ball python simulacra (D)
  2 ball python skeletons (D)
  A ball python zombie (D)
  2 bat simulacra (D)
  A jackal simulacrum (D)
  A quokka simulacrum (D)
  A quokka zombie (D)
  A creeping inferno (D)
  4 fire vortices (D)
600 creatures vanquished.

Vanquished Creatures (collateral kills)
  An orc knight (D)
1 creature vanquished.

Vanquished Creatures (others)
  A pandemonium lord (D)
  A balrug (D)
  A vault guard (D)
  A glowing orange brain (D)
  2 large abominations (D)
  A hellwing (D)
  A red devil (D)
  A ynoxinul (D)
  2 hell hounds (D)
  2 small abominations (D)
  3 bat simulacra (D)
  2 starspawn tentacles (D)
18 creatures vanquished.

Grand Total: 619 creatures vanquished

Notes
Turn   | Place    | Note
-------+----------+-------------------------------------------
     0 | D        | BigDaddyOpFi the Hill Orc Monk began the quest for the Orb.
     0 | D        | Reached XP level 1. HP: 19/19 MP: 1/1
    13 | D        | Found a blossoming altar of Fedhas.
    13 | D        | Found the +6 Majin-Bo {vamp, MP+6 Int+6}
    13 | D        | Found the +27 heavy crossbow "Sniper" {heavy, Acc+∞ SInv}
    13 | D        | Found the +10 dark maul {heavy}
    13 | D        | Found the +15 Maxwell's patent armour {-Cast -Tele rElec
                  | Will+ rCorr}
    13 | D        | Found the +18 shield of the Gong {rElec rN+ Will+ EV-5}
    13 | D        | Found the +16 obsidian axe {drain, Mesm Drain Fly SInv}
    13 | D        | Found the +7 great mace "Firestarter" {flame, inner flame,
                  | rF++}
    13 | D        | Found the +6 shillelagh "Devastator" {shatter}
    13 | D        | Found the +11 plutonium sword {Contam Stlth-}
    13 | D        | Found the +8 lance "Wyrmbane" {slay drac, rPois rF+ rC+
                  | AC+3}
    13 | D        | Found the +9 sword of Zonguldrok {reap}
    13 | D        | Found the +13 scythe of Curses {drain, Drain}
    13 | D        | Found the +9 sword of Power
    13 | D        | Found the +7 mace of Variability {chaos, chain chaos}
    13 | D        | Found the +11 Singing Sword {sonic wave}
    13 | D        | Found the +8 storm bow {elec, penet}
    16 | D        | Found a viscous altar of Jiyva.
    16 | D        | Found a hazy altar of Hepliaklqana.
    16 | D        | Found a transporter.
    16 | D        | Found an opulent altar of Gozag.
    16 | D        | Found an ancient bone altar of Kikubaaqudgha.
    16 | D        | Found a corrupted altar of Lugonu.
    25 | D        | Found a shimmering blue altar of Sif Muna.
    25 | D        | Found a bloodstained altar of Trog.
    25 | D        | Found a sacrificial altar of Ru.
    25 | D        | Found a stormy altar of Qazlal.
    25 | D        | Found an iron altar of Okawaru.
    26 | D        | Found a sparkling altar of Nemelex Xobeh.
    28 | D        | Found a burning altar of Makhleb.
    58 | D        | Reached skill level 5 in Fighting
    58 | D        | Reached XP level 2. HP: 29/29 MP: 2/2
    66 | D        | Became a worshipper of Qazlal Stormbringer
    66 | D        | Reached * piety under Qazlal
    66 | D        | Reached ** piety under Qazlal
    79 | D        | Entered arena 2.
    79 | D        | Noticed a merfolk
    79 | D        | Noticed a merfolk
    79 | D        | Found a transporter.
    86 | D        | Killed a merfolk
    87 | D        | Reached skill level 5 in Dodging
    87 | D        | Reached XP level 3. HP: 39/39 MP: 2/6
    87 | D        | Reached XP level 4. HP: 47/47 MP: 2/7
    87 | D        | Reached XP level 5. HP: 52/52 MP: 2/8
    88 | D        | Killed a merfolk
    89 | D        | Reached skill level 5 in Stealth
    89 | D        | Reached skill level 5 in Shields
    89 | D        | Reached XP level 6. HP: 62/62 MP: 2/10
   472 | D        | Entered arena 3.
   472 | D        | Found a transporter.
   480 | D        | Reached XP level 7. HP: 62/69 MP: 11/11
   480 | D        | Reached *** piety under Qazlal
   486 | D        | Got the ring of Zeqodaynk {rC+ Slay+3}
   493 | D        | Entered arena 4.
   493 | D        | Found a transporter.
   497 | D        | Reached **** piety under Qazlal
   508 | D        | Got the Parchment of the Doomed Deep Freeze
   511 | D        | Entered arena 5.
   511 | D        | Noticed a merfolk
   511 | D        | Noticed a merfolk
   511 | D        | Noticed a merfolk
   511 | D        | Noticed a merfolk
   511 | D        | Found a transporter.
   518 | D        | Killed a merfolk
   522 | D        | Killed a merfolk
   523 | D        | Reached XP level 8. HP: 48/79 MP: 12/14
   523 | D        | Killed a merfolk
   523 | D        | Reached ***** piety under Qazlal
   523 | D        | Killed a merfolk
   524 | D        | Reached skill level 10 in Fighting
   621 | D        | Entered arena 6.
   621 | D        | Noticed a rime drake
   621 | D        | Noticed a rime drake
   621 | D        | Found a transporter.
   628 | D        | Killed a rime drake
   629 | D        | Reached XP level 9. HP: 84/86 MP: 14/16
   630 | D        | Killed a rime drake
   631 | D        | Reached skill level 10 in Maces & Flails
   631 | D        | Reached skill level 10 in Invocations
   737 | D        | Entered arena 7.
   737 | D        | Noticed a great orb of eyes
   737 | D        | Noticed a yaktaur captain
   737 | D        | Noticed a yaktaur captain
   737 | D        | Noticed a great orb of eyes
   737 | D        | Noticed a vault guard
   737 | D        | Noticed a vault guard
   741 | D        | Found a transporter.
   744 | D        | Killed a vault guard
   746 | D        | Killed a great orb of eyes
   749 | D        | Killed a vault guard
   750 | D        | Reached XP level 10. HP: 59/97 MP: 16/18
   751 | D        | Killed a yaktaur captain
   752 | D        | Reached skill level 10 in Shields
   754 | D        | Killed a yaktaur captain
   754 | D        | Reached ****** piety under Qazlal
   767 | D        | Killed a great orb of eyes
  1006 | D        | Got the amulet of Hauguy {Rampage rC+ Regen+ Str-3}
  1025 | D        | Entered arena 8.
  1026 | D        | Found a transporter.
  1037 | D        | Got the +2 pair of boots "Saasti" {rElec rC+}
  1046 | D        | Got the amulet of Peykhek {Spirit rPois Int+2 Dex+3}
  1057 | D        | Entered arena 9.
  1057 | D        | Noticed a vault guard
  1057 | D        | Noticed an ironbound preserver
  1057 | D        | Noticed an ironbound thunderhulk
  1057 | D        | Noticed a vault warden
  1057 | D        | Noticed a dire elephant
  1058 | D        | Killed an ironbound preserver
  1059 | D        | Reached skill level 10 in Stealth
  1059 | D        | Killed an ironbound thunderhulk
  1059 | D        | Killed a vault guard
  1060 | D        | Reached XP level 11. HP: 108/108 MP: 3/21
  1060 | D        | Found a transporter.
  1061 | D        | Killed a vault warden
  1062 | D        | Reached skill level 10 in Dodging
  1069 | D        | Killed a dire elephant
  1326 | D        | Entered arena 10.
  1327 | D        | Found a transporter.
  1533 | D        | Got the Essays on the Displaced Crypt
  1544 | D        | Entered arena 11.
  1544 | D        | Found the dreamshard necklace {*Dream Drain}
  1544 | D        | Noticed a wolf spider
  1544 | D        | Noticed a wolf spider
  1544 | D        | Noticed a wolf spider
  1545 | D        | Found a transporter.
  1547 | D        | Killed a wolf spider
  1547 | D        | Killed a wolf spider
  1547 | D        | Killed a wolf spider
  1751 | D        | Entered arena 12.
  1751 | D        | Noticed a mummy priest
  1751 | D        | Noticed a death scarab
  1753 | D        | Killed a death scarab
  1753 | D        | Killed a mummy priest
  1754 | D        | Reached skill level 15 in Fighting
  1754 | D        | Reached skill level 15 in Invocations
  1754 | D        | Reached XP level 12. HP: 62/121 MP: 14/23
  1757 | D        | Found a transporter.
  1904 | D        | Got the ring of Paranoia {rC+ Str+2 Int+2}
  1916 | D        | Entered arena 13.
  1916 | D        | Noticed a fire giant
  1916 | D        | Noticed a balrug
  1916 | D        | Noticed a salamander tyrant
  1916 | D        | Noticed a hell hog
  1916 | D        | Noticed a hell hog
  1916 | D        | Noticed a searing wretch
  1917 | D        | Killed a hell hog
  1917 | D        | Killed a salamander tyrant
  1917 | D        | Killed a hell hog
  1917 | D        | Noticed a hell hog
  1918 | D        | Reached skill level 5 in Evocations
  1918 | D        | Noticed a searing wretch
  1920 | D        | Noticed a balrug
  1921 | D        | Killed a balrug
  1921 | D        | Killed a fire giant
  1921 | D        | Killed a balrug
  1922 | D        | Killed a searing wretch
  1922 | D        | Killed a hell hog
  1923 | D        | Reached skill level 15 in Maces & Flails
  1925 | D        | Killed a searing wretch
  1927 | D        | Found a transporter.
  2196 | D        | Entered arena 14.
  2196 | D        | Noticed a deep elf high priest
  2197 | D        | Noticed a deep elf knight
  2197 | D        | Noticed a deep elf annihilator
  2197 | D        | Identified the +7 quarterstaff "Jyober" {flame, *Noise
                  | rPois rN+}
  2199 | D        | Killed a deep elf high priest
  2199 | D        | Paralysed by an air elemental for 1 turns
  2200 | D        | Reached XP level 13. HP: 113/130 MP: 16/25
  2201 | D        | Paralysed by an air elemental for 1 turns
  2204 | D        | Killed a deep elf annihilator
  2207 | D        | Found a transporter.
  2445 | D        | Entered arena 15.
  2445 | D        | Noticed a pearl dragon
  2446 | D        | Noticed an angel
  2447 | D        | Noticed a pearl dragon
  2447 | D        | Noticed an apis
  2447 | D        | Noticed a daeva
  2448 | D        | Killed a pearl dragon
  2448 | D        | Killed an angel
  2449 | D        | Reached skill level 15 in Shields
  2449 | D        | Killed a daeva
  2449 | D        | Killed a pearl dragon
  2452 | D        | Found a transporter.
  2457 | D        | Killed an apis
  2665 | D        | Entered arena 16.
  2665 | D        | Noticed a rockslime
  2665 | D        | Noticed a great orb of eyes
  2666 | D        | Noticed a great orb of eyes
  2667 | D        | Killed a great orb of eyes
  2667 | D        | Killed a rockslime
  2668 | D        | Killed a great orb of eyes
  2669 | D        | Found the +5 scythe "Finisher" {speed, eviscerate}
  2670 | D        | Found a transporter.
  2906 | D        | Got the ring "Ciomath" {+Blink Fly rC+ Int+3}
  2929 | D        | Entered arena 17.
  2931 | D        | Noticed a wendigo
  2931 | D        | Noticed a wendigo
  2933 | D        | Killed a wendigo
  2933 | D        | Killed a wendigo
  2934 | D        | Reached skill level 10 in Evocations
  2934 | D        | Reached XP level 14. HP: 96/143 MP: 18/27
  2934 | D        | Found the +3 greatsling "Punk" {acid, rCorr}
  2935 | D        | Found a transporter.
  3137 | D        | Entered arena 18.
  3139 | D        | Noticed a nargun
  3139 | D        | Noticed a nargun
  3139 | D        | Noticed a frost giant
  3139 | D        | Noticed an Ice Fiend
  3140 | D        | Noticed an Ice Fiend
  3140 | D        | Noticed a wendigo
  3140 | D        | Noticed a frost giant
  3143 | D        | Killed a frost giant
  3145 | D        | Killed a frost giant
  3149 | D        | Killed a wendigo
  3149 | D        | Killed an Ice Fiend
  3149 | D        | Killed a nargun
  3153 | D        | Killed a nargun
  3154 | D        | Killed an Ice Fiend
  3523 | D        | Found a transporter.
  3539 | D        | Entered arena 19.
  3541 | D        | Noticed a lich
  3542 | D        | Noticed a stone giant
  3542 | D        | Identified the +9 halberd "Zus Ept" {antimagic, rF+}
  3543 | D        | Noticed a stone giant
  3545 | D        | Killed a stone giant
  3546 | D        | Reached skill level 15 in Stealth
  3546 | D        | Killed a stone giant
  3553 | D        | Found a transporter.
  3554 | D        | Killed a lich
  3765 | D        | Entered arena 20.
  3771 | D        | Noticed an orc warlord
  3771 | D        | Identified the +1 sling of Ignis {freeze, Contam rC+++
                  | Str+4 Int-3}
  3772 | D        | Identified the +7 hand axe of Ravage {flame, Fly rC+ MP+9
                  | Int-2}
  3775 | D        | Reached XP level 15. HP: 158/158 MP: 20/29
  3779 | D        | Killed an orc warlord
  3780 | D        | Found a transporter.
  3981 | D        | Got Sif Muna's Enchiridion on Coarse Malisons
  4003 | D        | Entered arena 21.
  4006 | D        | Noticed an ancient lich
  4006 | D        | Noticed a lich
  4006 | D        | Identified the ring "Loor" {Contam Fly rF+ rC+ Will+}
  4007 | D        | Noticed a lich
  4007 | D        | Noticed a shadow dragon
  4007 | D        | Noticed a lich
  4007 | D        | Noticed a lich
  4008 | D        | Noticed an ancient lich
  4008 | D        | Noticed a lich
  4010 | D        | Killed a lich
  4010 | D        | Killed a lich
  4010 | D        | Killed a lich
  4010 | D        | Killed a lich
  4010 | D        | Killed a shadow dragon
  4010 | D        | Killed an ancient lich
  4011 | D        | Reached skill level 15 in Dodging
  4011 | D        | Killed an ancient lich
  4012 | D        | Killed a lich
  4015 | D        | Found a transporter.
  4229 | D        | Entered arena 22.
  4232 | D        | Noticed a tentacled starspawn
  4233 | D        | Noticed a lich
  4233 | D        | Identified the ring "Afaziaz" {Fire Will++}
  4233 | D        | Noticed a balrug
  4234 | D        | Noticed a tentacled starspawn
  4234 | D        | Killed a tentacled starspawn
  4234 | D        | Killed a lich
  4237 | D        | Killed a tentacled starspawn
  4237 | D        | Killed a balrug
  4238 | D        | Reached skill level 15 in Evocations
  4238 | D        | Reached XP level 16. HP: 177/177 MP: 14/31
  4407 | D        | Found a transporter.
  4443 | D        | Got the ring of Wurhedd {Ice Slay+2}
  4446 | D        | Entered arena 23.
  4451 | D        | Noticed a deep elf master archer
  4452 | D        | Noticed a deep elf master archer
  4452 | D        | Noticed a deep elf master archer
  4452 | D        | Noticed a deep elf master archer
  4452 | D        | Noticed a deep elf master archer
  4452 | D        | Identified the +9 dire flail "Pisirph" {heavy, Int+3}
  4452 | D        | Noticed a deep elf master archer
  4452 | D        | Found the +8 trishula "Condemnation" {holy, anguish, *Noise
                  | Fly rN+}
  4452 | D        | Identified the +2 dagger of a wizard's laboratory {flame,
                  | rPois rC- Str+6 Dex+4}
  4452 | D        | Noticed a deep elf master archer
  4453 | D        | Identified the +2 morningstar "Zozel" {heavy, rN++ Str+4
                  | Dex-3 SInv}
  4453 | D        | Noticed a deep elf master archer
  4453 | D        | Killed a deep elf master archer
  4453 | D        | Killed a deep elf master archer
  4453 | D        | Killed a deep elf master archer
  4453 | D        | Killed a deep elf master archer
  4453 | D        | Noticed a deep elf master archer
  4454 | D        | Killed a deep elf master archer
  4454 | D        | Killed a deep elf master archer
  4454 | D        | Killed a deep elf master archer
  4454 | D        | Killed a deep elf master archer
  4456 | D        | Found a transporter.
  4457 | D        | Killed a deep elf master archer
  4674 | D        | Entered arena 24.
  4678 | D        | Noticed a caustic shrike
  4678 | D        | Noticed a caustic shrike
  4679 | D        | Noticed an iron giant
  4679 | D        | Noticed an iron giant
  4679 | D        | Noticed a Hell Sentinel
  4679 | D        | Noticed an ancient champion
  4679 | D        | Noticed a caustic shrike
  4679 | D        | Noticed an iron giant
  4679 | D        | Noticed an iron giant
  4679 | D        | Noticed a Hell Sentinel
  4680 | D        | Noticed a caustic shrike
  4680 | D        | Killed a caustic shrike
  4680 | D        | Noticed a caustic shrike
  4680 | D        | Noticed a Hell Sentinel
  4681 | D        | Killed an ancient champion
  4681 | D        | Killed an iron giant
  4681 | D        | Killed a caustic shrike
  4681 | D        | Noticed a Hell Sentinel
  4681 | D        | Noticed a Hell Sentinel
  4682 | D        | Reached XP level 17. HP: 187/190 MP: 16/33
  4682 | D        | Killed an iron giant
  4682 | D        | Killed a Hell Sentinel
  4682 | D        | Killed a caustic shrike
  4682 | D        | Killed a caustic shrike
  4682 | D        | Killed an iron giant
  4682 | D        | Killed a Hell Sentinel
  4683 | D        | Killed a caustic shrike
  4683 | D        | Killed an iron giant
  4683 | D        | Killed a Hell Sentinel
  4683 | D        | Killed a Hell Sentinel
  4683 | D        | Noticed a Hell Sentinel
  4684 | D        | Reached skill level 27 in Fighting
  4684 | D        | Noticed a caustic shrike
  4686 | D        | Killed a caustic shrike
  4687 | D        | Killed a Hell Sentinel
  4689 | D        | Killed a Hell Sentinel
  4690 | D        | Reached skill level 27 in Invocations
  4690 | D        | Found a transporter.
  4991 | D        | Entered arena 25.
  4998 | D        | Found the amulet of Vitality {RegenMP++ Regen++}
  5002 | D        | Reached XP level 18. HP: 177/200 MP: 4/35
  5018 | D        | Found a transporter.
  5206 | D        | Got the Compendium of Convocation and Malisons
  5220 | D        | Got the Volume of Arctic Anemomancy
  5222 | D        | Got the ring of Zeysaiqole {rPois AC+4 Stlth+}
  5709 | D        | Entered arena 26.
  5717 | D        | Identified the ring of Gaku {EV+5 Int+3 Dex+4 SInv}
  5718 | D        | Identified the +1 great mace "Meug" {flame, Contam rF++
                  | Int+2}
  5735 | D        | Reached skill level 27 in Maces & Flails
  5744 | D        | Reached skill level 27 in Shields
  5883 | D        | Found a transporter.
  5905 | D        | Got Rugotew's Codex of Cleavage
  5923 | D        | Entered arena 27.
  5929 | D        | Noticed an Orb Guardian
  5930 | D        | Noticed a golden dragon
  5930 | D        | Noticed an Orb Guardian
  5930 | D        | Noticed an Orb Guardian
  5931 | D        | Noticed an Orb Guardian
  5931 | D        | Noticed an Orb Guardian
  5931 | D        | Noticed a tentacled monstrosity
  5931 | D        | Noticed a tentacled monstrosity
  5931 | D        | Noticed an Orb Guardian
  5932 | D        | Noticed an Orb Guardian
  5933 | D        | Killed an Orb Guardian
  5933 | D        | Killed an Orb Guardian
  5933 | D        | Killed an Orb Guardian
  5933 | D        | Killed an Orb Guardian
  5933 | D        | Killed an Orb Guardian
  5933 | D        | Killed a golden dragon
  5933 | D        | Killed an Orb Guardian
  5933 | D        | Identified the +4 rapier of Overwhelming Force {holy, Drain
                  | rF++ MP+9}
  5933 | D        | Noticed a golden dragon
  5934 | D        | Reached XP level 19. HP: 201/207 MP: 28/36
  5934 | D        | Killed a tentacled monstrosity
  5934 | D        | Killed a golden dragon
  5934 | D        | Killed a tentacled monstrosity
  5936 | D        | Noticed a tentacled monstrosity
  5937 | D        | Noticed a tentacled monstrosity
  5938 | D        | Identified the +5 short sword "Akepugg" {venom, rPois
                  | Dex+3}
  5938 | D        | Noticed a curse toe
  5938 | D        | Noticed a tentacled monstrosity
  5938 | D        | Identified the +2 scimitar of the Valley {drain, Str+4}
  5938 | D        | Noticed a curse toe
  5940 | D        | Killed a tentacled monstrosity
  5941 | D        | Killed a tentacled monstrosity
  5941 | D        | Killed a curse toe
  5941 | D        | Killed a tentacled monstrosity
  5942 | D        | Reached skill level 27 in Stealth
  5942 | D        | Reached skill level 27 in Evocations
  5943 | D        | Identified the ring "Enet" {Contam rF++ rC+}
  5944 | D        | Killed a curse toe
  5947 | D        | Found a transporter.
  6027 | D        | Got the Grimoire of the Helpful Evil Eye
  6037 | D        | Entered arena 28.
  6045 | D        | Identified the ring "Uhyqifapn" {rF+ MP+9 Dex+6 Stlth+}
  6046 | D        | Identified the +2 whip of Linearity {flame, +Blink Str+4}
  6047 | D        | Reached skill level 27 in Dodging
  6047 | D        | Found the ring of Shadows {Umbra +Inv Stlth+}
  6049 | D        | Reached XP level 20. HP: 170/216 MP: 23/37
  6050 | D        | Identified the +8 long sword "Uppaezad" {venom, rC+ Int+4
                  | Dex+3}
  6051 | D        | Found a transporter.
  6200 | D        | Got the Orb of Zot
  6733 | D        | Reached skill level 27 in Armour
  6754 | D        | Noticed Voqao the pandemonium lord
  6775 | D        | Reached skill level 5 in Unarmed Combat
  6779 | D        | Killed Voqao the pandemonium lord
  6926 | D        | Reached skill level 10 in Unarmed Combat
  7735 | D        | Noticed Nestupie the pandemonium lord
  7784 | D        | Killed Nestupie the pandemonium lord
  8503 | D        | Noticed a Tzitzimitl
  8519 | D        | Killed a Tzitzimitl
  8784 | D        | Noticed a Tzitzimitl
  8800 | D        | Killed a Tzitzimitl
  9589 | D        | Noticed Culutuo the pandemonium lord
  9630 | D        | Killed Culutuo the pandemonium lord
 10021 | D        | Reached XP level 21. HP: 224/224 MP: 38/38
 10261 | D        | Gained mutation: Your body sometimes deteriorates upon
                  | taking damage. [a cacodemon]
 10997 | D        | Reached skill level 27 in Unarmed Combat
 11022 | D        | Reached skill level 1 in Throwing
 11459 | D        | Reached skill level 10 in Throwing
 11482 | D        | Noticed a seraph
 11482 | D        | Killed a seraph
 11602 | D        | Noticed Lyhisaom the pandemonium lord
 11615 | D        | Killed Lyhisaom the pandemonium lord
 11846 | D        | Noticed Fahaapter the pandemonium lord
 11854 | D        | Escaped with the Orb!

Illustrated notes

Levels and vault maps discovered:
D:        sprint_v [room_start, room_1, room_2, room_3, room_4, room_5, room_6,
          room_7, room_8, room_9, room_10, room_11, room_12, room_13, room_14,
          room_15, room_16, room_17, room_18, room_19, room_20, room_21,
          room_22, room_23, room_24, room_25, room_26, room_27]

Skill      XL: |  1  2  3  4  5  6  7  8  9 10 11 12 13 14 15 16 17 18 19 20 21 |
---------------+----------------------------------------------------------------+-----
Fighting       | 5 7 8 9 10 11 13 15 16 18 21 24 26 27 | 27.0
Maces & Flails | 4 6 7 8 9 10 12 14 15 16 18 20 22 25 27 | 27.0
Dodging        | 3 5 6 7 8 9 10 11 13 14 16 17 19 22 27 | 27.0
Stealth        | 3 4 5 6 7 8 10 11 12 14 15 17 19 21 24 27 | 27.0
Shields        | 4 5 7 8 9 11 13 14 16 18 20 22 24 27 | 27.0
Invocations    | 4 6 8 9 11 13 15 16 18 20 23 25 27 | 27.0
Evocations     | 4 7 10 12 15 17 20 24 27 | 27.0
Armour         | 22 27 | 27.0
Unarmed Combat | 24 27 | 27.0
Throwing       | 16 | 16.2
Short Blades   | |  3.0

Action                   |  1- 3 |  4- 6 |  7- 9 | 10-12 | 13-15 | 16-18 | 19-21 || total
-------------------------+-------+-------+-------+-------+-------+-------+-------++-------
Melee: Shillelagh        |     4 |     7 |    32 |    31 |    26 |    26 |   504 ||   630
Invok: Disaster Area     |       |       |       |    11 |    17 |    21 |    26 ||    75
       Upheaval          |       |       |       |       |     4 |       |       ||     4
Evoke: Wand              |       |       |     4 |     3 |       |       |       ||     7
       Tin of tremorston |       |       |       |       |     1 |       |       ||     1
       Box of beasts     |       |       |       |       |     1 |       |       ||     1
       Lightning rod     |       |       |       |       |     1 |       |       ||     1
  Use: Potion            |     2 |       |       |       |     5 |     5 |     1 ||    13
       Scroll            |       |       |       |     4 |     1 |     5 |       ||    10
 Stab: Invisible         |       |       |     5 |       |       |       |       ||     5
Armor: Crystal plate arm |     1 |     9 |    17 |     7 |    11 |    14 |    51 ||   110
Dodge: Dodged            |       |       |       |       |     1 |     2 |    50 ||    53
       Repelled          |       |       |       |       |       |     1 |     2 ||     3
Block: Kite shield       |    11 |    20 |    84 |    37 |    41 |    65 |   469 ||   727

Table legend: (Time is in decaauts) A = Elapsed time spent in this place. B = Non-inter-level travel time spent in this place. C = Inter-level travel time spent in this place. D = Time resting spent in this place. E = Time spent auto-exploring this place. F = Levels seen in this place. G = Mean time per level. A B C D E F G +--------+--------+--------+--------+--------+-----+--------+ Total | 11626 | 11626 | 0 | 9864 | 0 | 1 | 11626.0 | Dungeon | 11626 | 11626 | 0 | 9864 | 0 | 1 | 11626.0 | +--------+--------+--------+--------+--------+-----+--------+

Top non-repeatable levels by time:
       D: 11626 daAuts
